 Dungeon Sprint DCSS version 0.30.1-9-gdf580d7c3d (webtiles) character file.

Game seed: 16916296137900321026

66648 Heoruswealwe the Minotaur Porcupine (level 14, -4/168 HPs)
             Began as a Minotaur Fighter on Oct 2, 2023.
             Was an Initiate of Gozag.
             Slain by an Orb Guardian (25 damage)
             ... in the Dungeon (Sprint IX: "|||||||||||||||||||||||||||||").
             The game lasted 00:49:39 (3457 turns).

Heoruswealwe the Minotaur Porcupine (MiFi)          Turns: 3457, Time: 00:49:39

Health: -4/168     AC: 40    Str: 28    XL:     14   Next: 80%
Magic:  13/13      EV: 20    Int:  5    God:    Gozag
Gold:   4350       SH:  0    Dex: 13    Spells: 13/13 levels left

rFire   + + .        b - +9 quarterstaff of Duty {heavy, rF+ rC+ rCorr}
rCold   + + +        (shield currently unavailable)
rNeg    . . .        c - +9 scales of the Dragon King {rPois rF+ rC+ Will+}
rPois   +            (helmet unavailable)
rElec   .            h - scarf of Pleasant Breezes {+Inv, rC+ Str+2}
rCorr   +            f - +2 pair of gloves {Dex+3}
SInv    .            e - +2 pair of slick slippers {slick, slippery, EV+4}
Will    ++...        (no amulet) Stlth
                     k - +2 ring of evasion
HPRegen 0.48/turn    j - +2 ring of evasion
MPRegen 0.13/turn

%: no teleportation, clarity
@: mighty, studying Air Magic
A: horns 3, retaliatory headbutt, hooves 1, clarity
a: Renounce Religion, Evoke Invisibility, Potion Petition, Call Merchant, Bribe
Branch


You were in the Dungeon.
You worshipped Gozag.
Gozag was most pleased with you.
You visited 1 branch You collected 16951 gold pieces.
You spent 9274 gold pieces at shops.
You paid 3327 gold pieces to Gozag.

Inventory:

Hand Weapons
 a - a +7 trident of freezing
 b - the +9 quarterstaff of Duty (weapon) {heavy, rF+ rC+ rCorr}
   (You bought it in a shop in the Dungeon)

   rF:        It protects you from fire.
   rC:        It protects you from cold.
   rCorr:     It protects you from acid and corrosion.
 v - a +1 glaive of venom
Armour
 c - the +9 scales of the Dragon King (worn) {rPois rF+ rC+ Will+}
   (You bought it in a shop in the Dungeon)

   rF:        It protects you from fire.
   rC:        It protects you from cold.
   rPois:     It protects you from poison.
   Will:      It increases your willpower.
 d - a +0 kite shield
 e - the +2 pair of slick slippers (worn) {slick, slippery, EV+4}
   (You bought it in a shop in the Dungeon)

   Slick:     Its wearer cannot be constricted, engulfed, netted or webbed.
   Slippery:  Its wearer slips away from damaging melee attacks, pulling the
   attacker onward.
   EV:        It affects your evasion (+4).
 f - a +2 pair of gloves of dexterity (worn)
 h - the scarf of Pleasant Breezes (worn) {+Inv, rC+ Str+2}
   (You bought it in a shop in the Dungeon)

   Str:       It affects your strength (+2).
   rC:        It protects you from cold.
Jewellery
 j - a +2 ring of evasion (right hand)
 k - a +2 ring of evasion (left hand)
Wands
 u - a wand of iceblast (30)
Scrolls
 o - 2 scrolls of identify
 p - 4 scrolls of enchant weapon
 s - 2 scrolls of enchant armour
 t - a scroll of brand weapon
 w - a scroll of acquirement
Potions
 g - a potion of resistance
 i - 4 potions of berserk rage
 m - a potion of might
 q - 2 potions of curing
Miscellaneous
 l - a condenser vane


   Skills:
 O Level 27 Fighting
 O Level 27 Polearms
 + Level 24.6 Armour
 + Level 14.3 Dodging
 + Level 16.0 Shields
 + Level 2.6 Evocations


You had 13 spell levels left.
You didn't know any spells.
Your spell library contained the following spells:

 Spells                   Type           Power      Damage    Failure   Level
 Dazzling Flash           Conj/Hex       0%         N/A       100%        3
 Volatile Blastmotes      Fire/Tloc      0%         2d10      100%        3
 Iskenderun's Mystic Bla  Conj/Tloc      0%         2d3       100%        4
 Starburst                Conj/Fire      0%         6d3       100%        6


Dungeon Overview and Level Annotations

Branches:
Dungeon (1/1)

Altars:
Cheibriados
Dithmenos
Elyvilon
Fedhas
Gozag
Hepliaklqana
Kikubaaqudgha
Makhleb
Nemelex Xobeh
Okawaru
Qazlal
Ru
Sif Muna
Trog
Uskayaw
Vehumet
Wu Jian
Xom
Yredelemnul
Zin
The Shining One
Jiyva
Lugonu

Shops:
D *(*[=!=:


Innate Abilities, Weirdness & Mutations

You have a pair of large horns on your head.
You reflexively headbutt those who attack you in melee.
You have large cloven feet.
You possess an exceptional clarity of mind.


Message History

You furiously retaliate!
You headbutt the ironbound preserver! You sock the ironbound preserver!
The ironbound preserver is almost dead.
The ironbound preserver casts a spell.
The ironbound preserver is healed somewhat.
You bludgeon the ironbound preserver!!
You kill the ironbound preserver!
The Orb Guardian hits you but does no damage.
Your Shields skill increases to level 16!
You closely miss the Orb Guardian. Your headbutt misses the Orb Guardian.
The Orb Guardian is moderately wounded.
The Orb Guardian hits you!
* * * LOW HITPOINT WARNING * * *
You slip backwards!
You closely miss the Orb Guardian.
The Orb Guardian is lightly wounded.
The Orb Guardian hits you but does no damage.
You closely miss the Orb Guardian. Your headbutt misses the Orb Guardian.
The Orb Guardian is lightly wounded.
The Orb Guardian hits you!
* * * LOW HITPOINT WARNING * * *
You slip backwards!
Okay, then.
Blink to where?
Press: ? - help, Dir - move target
As you read the scroll of blinking, it crumbles to dust.
Items here: )))) [[[.
Items here: ))) [[[.
Things that are here:
a +0 great mace; a +0 scale mail You open the door.
The Orb Guardian completely misses you.
Okay, then.
You feel very mighty all of a sudden. The Orb Guardian closely misses you.
You furiously retaliate!
You headbutt the Orb Guardian!! You barely miss the Orb Guardian.
Your headbutt misses the Orb Guardian.
The Orb Guardian is moderately wounded.
The Orb Guardian hits you!!
You die...
Your body crumbles into a pile of gold.

▓▓▓▓▓▓▓▓▓▓▓▓▓▓▓▓▓▓▓▓▓▓▓▓▓▓▓▓▓▓▓▓▓
...§..$$$$$...)X@'.......).......
▓▓▓▓▓▓▓▓▓▓▓▓▓▓▓▓▓▓▓▓▓▓▓▓▓▓▓▓▓▓▓▓▓
.................................
▓▓▓▓▓▓▓▓▓▓▓▓▓▓▓▓▓▓▓♣♣♣♣♣♣♣♣♣♣▓▓▓▓
..!.....'......(.)).........'....
▓▓▓▓▓▓▓▓▓▓▓▓▓▓▓▓▓▓▓♣♣♣♣♣♣♣♣♣♣▓▓▓▓
......................[..........
▓▓▓▓▓▓▓▓▓▓▓▓▓▓▓▓▓▓▓▓▓▓▓▓▓▓▓▓▓▓▓▓▓
..(.(.....))........!?[[[[[[[[.))


You could see an Orb Guardian.

Vanquished Creatures
  A quicksilver dragon (D)
  A lich (D)
  A tengu reaver (D)
  A sphinx (D)
  Donald (D)
  4 vault wardens (D)
  2 frost giants (D)
  2 ironbound preservers (D)
  8 stone giants (D)
  2 ironbound thunderhulks (D)
  A vampire knight (D)
  An eleionoma (D)
  2 bunyips (D)
  An ettin (D)
  A great orb of eyes (D)
  2 hydras (D)
  A peacekeeper (D)
  A rakshasa (D)
  A vault guard (D)
  Erolcha (D)
  An ironbound frostheart (D)
  A ghost crab (D)
  A jorogumo (D)
  A merfolk aquamancer (D)
  2 boulder beetles (D)
  A salamander tyrant (D)
  An ice dragon (D)
  A merfolk avatar (D)
  An anaconda (D)
  A deep troll shaman (D)
  2 centaur warriors (D)
  2 two-headed ogres (D)
  A deep troll earth mage (D)
  2 shock serpents (D)
  7 orc high priests (D)
  Sonja (D)
  A skeletal warrior (D)
  A pharaoh ant (D)
  A flayed ghost (D)
  A bog body (D)
  A wizard (D)
  2 deep elf pyromancers (D)
  3 ironbound convokers (D)
  A necromancer (D)
  3 ugly things (D)
  2 wolf spiders (D)
  9 orc knights (D)
  An oklob plant (D)
  A cyclops (D)
  2 manticores (D)
  A vault sentinel (D)
  A merfolk siren (D)
  An elephant (shapeshifter) (D)
  2 guardian serpents (D)
  2 demonic crawlers (D)
  2 black mambas (D)
  4 cane toads (D)
  4 rime drakes (D)
  A yaktaur (D)
  2 tengu conjurers (D)
  A merfolk (D)
  2 polar bears (D)
  2 tyrant leeches (D)
  A troll (D)
  A snapping turtle (D)
  2 jumping spiders (D)
  4 slime creatures (D)
  4 yaks (D)
  A water elemental (D)
  A wyvern (D)
  A redback (D)
  A naga (D)
  3 wargs (D)
  An acid dragon (D)
  2 hell hounds (D)
  11 orc warriors (D)
  An ice beast (D)
  3 wolves (D)
  4 bullfrogs (D)
  A scorpion (D)
  A killer bee (D)
  2 orc priests (D)
  An iguana (D)
  8 orc wizards (D)
  An adder simulacrum (D)
  5 orcs (D)
  2 endoplasms (D)
  A hobgoblin (D)
  A quokka (D)
  A goblin (D)
180 creatures vanquished.

Notes
Turn   | Place    | Note
-------+----------+-------------------------------------------
     0 | D        | Heoruswealwe the Minotaur Fighter began the quest for the
                  | Orb.
     0 | D        | Reached XP level 1. HP: 19/19 MP: 0/0
    21 | D        | Noticed an iguana
    21 | D        | Noticed an ice beast
    21 | D        | Noticed a scorpion
    23 | D        | Reached XP level 2. HP: 28/28 MP: 1/1
    24 | D        | Killed a scorpion
    25 | D        | Reached skill level 5 in Fighting
    25 | D        | Reached skill level 5 in Armour
    25 | D        | Reached XP level 3. HP: 37/37 MP: 2/2
    26 | D        | Reached XP level 4. HP: 44/44 MP: 3/3
    33 | D        | Killed an ice beast
    34 | D        | Reached XP level 5. HP: 52/52 MP: 4/4
    46 | D        | Found a snail-covered altar of Cheibriados.
    46 | D        | Found a shadowy altar of Dithmenos.
    46 | D        | Found a white marble altar of Elyvilon.
    46 | D        | Found a blossoming altar of Fedhas.
    46 | D        | Found an opulent altar of Gozag.
    47 | D        | Found a hazy altar of Hepliaklqana.
    48 | D        | Found a viscous altar of Jiyva.
    49 | D        | Found an ancient bone altar of Kikubaaqudgha.
    50 | D        | Found a corrupted altar of Lugonu.
    51 | D        | Found a burning altar of Makhleb.
    52 | D        | Found a sparkling altar of Nemelex Xobeh.
    53 | D        | Found an iron altar of Okawaru.
    54 | D        | Became a worshipper of Gozag Ym Sagoz the Greedy
    55 | D        | Found a stormy altar of Qazlal.
    56 | D        | Found a sacrificial altar of Ru.
    57 | D        | Found a shimmering blue altar of Sif Muna.
    58 | D        | Found a bloodstained altar of Trog.
    59 | D        | Found a hide-covered altar of Uskayaw.
    60 | D        | Found a radiant altar of Vehumet.
    61 | D        | Found an ornate altar of the Wu Jian Council.
    62 | D        | Found a shimmering altar of Xom.
    63 | D        | Found a basalt altar of Yredelemnul.
    64 | D        | Found a glowing silver altar of Zin.
    65 | D        | Found a glowing golden altar of the Shining One.
   116 | D        | Noticed a yak
   116 | D        | Noticed a two-headed ogre
   116 | D        | Noticed a troll
   116 | D        | Noticed a yak
   116 | D        | Noticed a two-headed ogre
   120 | D        | Killed a two-headed ogre
   121 | D        | Reached skill level 10 in Fighting
   121 | D        | Reached skill level 10 in Armour
   121 | D        | Reached XP level 6. HP: 41/67 MP: 5/5
   121 | D        | Reached XP level 7. HP: 44/73 MP: 6/6
   124 | D        | Killed a yak
   130 | D        | Killed a troll
   131 | D        | Reached skill level 15 in Polearms
   131 | D        | Reached XP level 8. HP: 50/82 MP: 7/7
   134 | D        | HP: 1/82 [two-headed ogre/+0 giant club (16)]
   138 | D        | Killed a two-headed ogre
   344 | D        | Noticed a purple ugly thing
   344 | D        | Noticed a slime creature
   344 | D        | Noticed a cyan ugly thing
   344 | D        | Noticed a slime creature
   352 | D        | Killed a slime creature
   353 | D        | Reached XP level 9. HP: 82/92 MP: 8/8
   364 | D        | Killed a cyan ugly thing
   374 | D        | Killed a purple ugly thing
   673 | D        | Noticed a polar bear
   673 | D        | Noticed a cane toad
   673 | D        | Noticed a cane toad
   673 | D        | Noticed a rime drake
   674 | D        | Noticed a polar bear
   678 | D        | Killed a rime drake
   680 | D        | Killed a cane toad
   686 | D        | Killed a cane toad
   687 | D        | Reached XP level 10. HP: 65/104 MP: 9/9
   828 | D        | Noticed an oklob plant
   828 | D        | Noticed a cane toad
   828 | D        | Noticed a cane toad
   832 | D        | Killed a cane toad
   833 | D        | Reached skill level 15 in Fighting
   833 | D        | Reached skill level 15 in Armour
   846 | D        | Killed a cane toad
   860 | D        | Killed an oklob plant
  1138 | D        | Noticed an orc knight
  1143 | D        | Reached XP level 11. HP: 112/114 MP: 10/10
  1151 | D        | Killed an orc knight
  1265 | D        | Noticed an orc knight
  1291 | D        | Killed an orc knight
  1460 | D        | Found Sustegru's Book Boutique.
  1460 | D        | Noticed an orc high priest
  1460 | D        | Noticed an orc knight
  1460 | D        | Noticed an orc knight
  1460 | D        | Noticed an orc knight
  1460 | D        | Noticed an orc knight
  1465 | D        | Killed an orc knight
  1471 | D        | Noticed an orc high priest
  1476 | D        | Killed an orc knight
  1489 | D        | Killed an orc knight
  1496 | D        | Killed an orc knight
  1502 | D        | Killed an orc high priest
  1503 | D        | Noticed a soul eater
  1506 | D        | Noticed an orc high priest
  1514 | D        | Killed an orc high priest
  1517 | D        | Killed an orc high priest
  1518 | D        | Found Kejiz's Jewellery Shop.
  1518 | D        | Noticed an orc high priest
  1520 | D        | Found Ziongeti's Distillery.
  1522 | D        | Found Zupt's Jewellery Shop.
  1526 | D        | Noticed an orc high priest
  1529 | D        | Killed an orc high priest
  1530 | D        | Noticed an orc high priest
  1531 | D        | Noticed an orc knight
  1532 | D        | Noticed an orc knight
  1533 | D        | Noticed an orc high priest
  1533 | D        | Gained mutation: You sometimes lose your temper in combat.
                  | [a neqoxec]
  1539 | D        | Killed an orc high priest
  1545 | D        | Killed an orc high priest
  1548 | D        | Killed an orc knight
  1555 | D        | Killed an orc knight
  1556 | D        | Reached XP level 12. HP: 36/128 MP: 11/11
  1559 | D        | Killed an orc high priest
  1677 | D        | Bought a manual of Air Magic for 1120 gold pieces
  1681 | D        | Bought a potion of resistance for 120 gold pieces
  1681 | D        | Bought a potion of mutation for 96 gold pieces
  1681 | D        | Bought a potion of might for 48 gold pieces
  1681 | D        | Bought a potion of curing for 36 gold pieces
  1681 | D        | Bought a potion of curing for 36 gold pieces
  1681 | D        | Bought a potion of lignification for 36 gold pieces
  1681 | D        | Bought a potion of degeneration for 12 gold pieces
  1704 | D        | Bought the +9 scales of the Dragon King {rPois rF+ rC+
                  | Will+} for 3120 gold pieces
  1704 | D        | Found the +9 scales of the Dragon King {rPois rF+ rC+
                  | Will+}
  1704 | D        | Bought the +2 pair of slick slippers {slick, slippery,
                  | EV+4} for 957 gold pieces
  1704 | D        | Found the +2 pair of slick slippers {slick, slippery, EV+4}
  1704 | D        | Bought a pair of runed gloves for 187 gold pieces
  1704 | D        | Bought a faintly glowing scarf for 250 gold pieces
  1704 | D        | Identified the scarf of Pleasant Breezes {+Inv, rC+ Str+2}
                  | (You bought it in a shop in the Dungeon)
  1704 | D        | Bought a runed cloak for 187 gold pieces
  1794 | D        | Noticed Erolcha
  1812 | D        | Killed Erolcha
  1909 | D        | Noticed Sonja
  1918 | D        | Killed Sonja
  2101 | D        | Noticed a boulder beetle
  2101 | D        | Noticed a centaur warrior
  2104 | D        | Killed a centaur warrior
  2123 | D        | Killed a boulder beetle
  2124 | D        | Noticed a sphinx
  2138 | D        | Noticed an ettin
  2141 | D        | Killed a sphinx
  2146 | D        | Killed an ettin
  2162 | D        | Noticed a stone giant
  2163 | D        | Noticed a stone giant
  2171 | D        | Noticed a stone giant
  2172 | D        | Killed a stone giant
  2173 | D        | Reached skill level 27 in Polearms
  2178 | D        | Killed a stone giant
  2179 | D        | Reached skill level 1 in Dodging
  2187 | D        | Killed a stone giant
  2201 | D        | Lost mutation: You sometimes lose your temper in combat.
                  | [potion of mutation]
  2201 | D        | Gained mutation: You have large cloven feet. [potion of
                  | mutation]
  2201 | D        | Gained mutation: You have a pair of large horns on your
                  | head. [potion of mutation]
  2201 | D        | Gained mutation: You possess an exceptional clarity of
                  | mind. [potion of mutation]
  2240 | D        | Bought a condenser vane for 1120 gold pieces
  2240 | D        | Bought a scroll labelled WIOMUM QUFORRU for 28 gold pieces
  2288 | D        | Noticed Donald
  2300 | D        | Killed Donald
  2301 | D        | Reached skill level 5 in Shields
  2401 | D        | Noticed an anaconda
  2409 | D        | Reached XP level 13. HP: 143/143 MP: 12/12
  2419 | D        | Reached skill level 5 in Dodging
  2453 | D        | Noticed a bunyip
  2453 | D        | Noticed a bunyip
  2464 | D        | Killed a bunyip
  2476 | D        | Noticed an eleionoma
  2481 | D        | Killed a bunyip
  2486 | D        | Killed an eleionoma
  2630 | D        | Reached skill level 10 in Shields
  2898 | D        | Bought a potion of attraction for 42 gold pieces
  2898 | D        | Bought a scroll of identify for 28 gold pieces
  2898 | D        | Bought a wand of iceblast (6) for 201 gold pieces
  2898 | D        | Bought a scroll of acquirement for 728 gold pieces
  2898 | D        | Bought a potion of brilliance for 56 gold pieces
  2915 | D        | Bought the +9 quarterstaff of Duty {heavy, rF+ rC+ rCorr}
                  | for 866 gold pieces
  3008 | D        | Noticed a stone giant
  3008 | D        | Noticed a stone giant
  3008 | D        | Noticed a stone giant
  3008 | D        | Noticed a stone giant
  3012 | D        | Killed a stone giant
  3021 | D        | Killed a stone giant
  3027 | D        | Killed a stone giant
  3028 | D        | Reached skill level 10 in Dodging
  3031 | D        | Killed a stone giant
  3033 | D        | Noticed a quicksilver dragon
  3038 | D        | Noticed a stone giant
  3042 | D        | Reached XP level 14. HP: 137/160 MP: 13/13
  3049 | D        | Killed a quicksilver dragon
  3055 | D        | Noticed a frost giant
  3065 | D        | Killed a stone giant
  3075 | D        | Killed a frost giant
  3080 | D        | Noticed a lich
  3088 | D        | Killed a lich
  3109 | D        | Noticed a tengu reaver
  3110 | D        | Noticed a frost giant
  3119 | D        | Killed a tengu reaver
  3128 | D        | Killed a frost giant
  3287 | D        | Noticed a vault warden
  3287 | D        | Noticed an ironbound thunderhulk
  3288 | D        | Noticed an ironbound thunderhulk
  3293 | D        | Noticed a vault warden
  3297 | D        | Killed an ironbound thunderhulk
  3299 | D        | Killed an ironbound thunderhulk
  3309 | D        | Killed a vault warden
  3314 | D        | Killed a vault warden
  3395 | D        | Noticed a vault warden
  3399 | D        | Noticed a vault warden
  3400 | D        | Reached skill level 27 in Fighting
  3404 | D        | Noticed an ironbound preserver
  3405 | D        | Killed a vault warden
  3406 | D        | Reached skill level 15 in Shields
  3408 | D        | Killed a vault warden
  3412 | D        | Killed an ironbound preserver
  3412 | D        | Noticed a vampire knight
  3416 | D        | Killed a vampire knight
  3417 | D        | Noticed an Orb Guardian
  3422 | D        | Reached skill level 1 in Evocations
  3430 | D        | Noticed an ironbound preserver
  3444 | D        | Killed an ironbound preserver
  3457 | D        | Slain by an Orb Guardian

Illustrated notes

Levels and vault maps discovered:
D:        linesprint [early_d, line_temple, items_1, d_10, items_2, lair_1,
          lair_end, items_3, orc_1, orc_end, items_4, d_15, swamp_1, shoals_1,
          snake_1, spider_1, d_20, vaults_1, items_5, swamp_end, shoals_end,
          snake_end, spider_end, vaults_end, d_27, items_6, zot_1, zot_end,
          crypt_end, forest_end, elf_end, slime_end, tomb_end, abyss_end,
          pan_hell_end]

Skill      XL: |  1  2  3  4  5  6  7  8  9 10 11 12 13 14 |
---------------+-------------------------------------------+-----
Polearms       | 4 7 9 14 15 17 19 21 24 27 | 27.0
Fighting       | 4 5 7 10 11 12 14 16 18 21 24 27 | 27.0
Armour         | 4 5 7 10 11 12 14 16 18 20 22 24 | 24.6
Dodging        | 4 10 14 | 14.3
Shields        | 6 12 16 | 16.0
Evocations     | 2 |  2.6

Action                     |  1- 3 |  4- 6 |  7- 9 | 10-12 | 13-15 || total
---------------------------+-------+-------+-------+-------+-------++-------
  Melee: Trident           |    14 |    14 |       |       |       ||    28
         Headbutt          |     6 |     6 |    20 |    69 |    70 ||   171
         Halberd           |       |     4 |    67 |   149 |       ||   220
         Glaive            |       |       |       |   163 |    99 ||   262
         Quarterstaff      |       |       |       |       |   168 ||   168
 Invoke: Call Merchant     |       |       |       |     2 |     2 ||     4
    Use: Potion            |       |       |     2 |    12 |     6 ||    20
         Scroll            |       |       |       |     2 |     2 ||     4
   Stab: Distracted        |       |       |       |       |     8 ||     8
 Armour: Scale mail        |     3 |     4 |       |       |       ||     7
         Plate armour      |       |       |    16 |    22 |       ||    38
         Chain mail        |       |       |       |    34 |       ||    34
         Gold dragon scale |       |       |       |    23 |   116 ||   139
  Dodge: Dodged            |     2 |     6 |    22 |    98 |   109 ||   237
  Block: Buckler           |     1 |     1 |       |       |       ||     2
